 Dungeon Crawl Stone Soup version 0.21.1-1-g345015f (webtiles) character file.

17035 Mirai the Fighter (level 12, -1/98 HPs)
             Began as a Demonspawn Fighter on Apr 6, 2018.
             Was a High Priest of Okawaru.
             Slain by a 13-headed hydra (2 damage)
             ... on level 12 of the Dungeon on Apr 7, 2018.
             The game lasted 00:35:26 (11691 turns).

Mirai the Fighter (Demonspawn Fighter)             Turns: 11691, Time: 00:35:27

Health: -1/98      AC: 14    Str: 22    XL:     12   Next: 15%
Magic:  16/16      EV: 10    Int: 10    God:    Okawaru [*****.]
Gold:   536        SH: 18    Dex: 12    Spells: 11/11 levels left

rFire    . . .     SeeInvis +   V - +1 broad axe (venom)
rCold    + . .     Gourm    .   c - +0 shield
rNeg     . . .     Faith    .   A - +3 leather armour of Courage {rElec MR+}
rPois    .         Spirit   .   C - +2 helmet {SInv}
rElec    +         Reflect  .   (no cloak)
rCorr    .         Harm     .   n - +0 pair of gloves
MR       +....                  q - +1 pair of boots
Stlth    +.........             u - amulet of regeneration
HPRegen  0.66/turn              F - ring of flight
MPRegen  0.15/turn              H - ring of protection from cold

@: no status effects
A: claws 1, large bone plates 2, powered by pain 2, spiny 1
a: Heroism, Finesse, Renounce Religion, Evoke Flight


You were on level 12 of the Dungeon.
You worshipped Okawaru.
Okawaru was extremely pleased with you.
You were hungry.

You visited 2 branches of the dungeon, and saw 13 of its levels.

You collected 693 gold pieces.
You spent 157 gold pieces at shops.

Inventory:

Hand Weapons
 D - a +0 war axe
 V - a +1 broad axe of venom (weapon)
Missiles
 d - 4 poisoned tomahawks
 g - 8 tomahawks of dispersal
 h - 3 poisoned javelins (quivered)
Armour
 c - a +0 shield (worn)
 n - a +0 pair of gloves (worn)
 q - a +1 pair of boots (worn)
 A - the +3 leather armour of Courage (worn) {rElec MR+}
   (You found it on level 6 of the Dungeon)

   It insulates you from electricity.
   It affects your resistance to hostile enchantments.
 C - a +2 helmet of see invisible (worn)
Jewellery
 u - an amulet of regeneration (around neck)
 F - a ring of flight (left hand)
 H - a ring of protection from cold (right hand)
 L - an uncursed ring of wizardry
Wands
 l - a wand of digging (24)
 z - a wand of clouds (7)
 K - a wand of disintegration (15)
 M - a wand of enslavement (10)
 O - a wand of paralysis (9)
 P - a wand of flame (31)
 Q - a wand of acid (6)
Scrolls
 a - 6 scrolls of remove curse {unknown}
 e - 5 scrolls of amnesia
 i - 18 scrolls of identify {unknown}
 j - a scroll of fear {unknown}
 k - 5 scrolls of enchant armour {unknown}
 m - 3 scrolls of blinking {unknown}
 o - 10 scrolls of teleportation {unknown}
 p - a scroll of random uselessness {unknown}
 s - a scroll of magic mapping {unknown}
 w - 2 scrolls of noise {unknown}
 y - 4 scrolls of enchant weapon {unknown}
 E - 3 scrolls of fog {unknown}
 N - a scroll of immolation {unknown}
 R - a scroll of holy word {unknown}
Potions
 b - 4 potions of agility {unknown}
 r - 7 potions of curing {unknown}
 v - 2 potions of magic {unknown}
 x - a potion of flight {unknown}
 B - 2 potions of ambrosia {unknown}
 G - a potion of lignification {unknown}
 I - a potion of invisibility {unknown}
 J - 2 potions of mutation {unknown}
Books
 t - a book of Misfortune

   Spells                             Type                      Level
   a - Confusing Touch                Hexes                        1
   b - Confuse                        Hexes                        3
   c - Gell's Gravitas                Translocation                3
   d - Petrify                        Transmutation/Earth          4
   e - Metabolic Englaciation         Hexes/Ice                    5
   f - Yara's Violent Unravelling     Hexes/Transmutation          5
Comestibles
 f - 22 rations
 S - a chunk of flesh


   Skills:
 + Level 10.3 Fighting
 + Level 9.2 Axes
 + Level 9.5 Armour
 + Level 9.5 Shields
 - Level 6.0 Invocations
 + Level 0.0 Evocations


You had 11 spell levels left.
You didn't know any spells.

Dungeon Overview and Level Annotations

Branches:
Dungeon (12/15)            Temple (1/1) D:5            Lair (0/6) D:9
    Orc (0/2) D:10

Altars:
Ashenzari
Cheibriados
Dithmenos
Elyvilon
Fedhas
Gozag
Hepliaklqana
Kikubaaqudgha
Makhleb
Nemelex Xobeh
Okawaru
Qazlal
Ru
Sif Muna
Trog
Uskayaw
Vehumet
Wu Jian
Xom
Yredelemnul
Zin
The Shining One

Shops:
D:6 [   D:7 =   D:8 (

Portals:
Trove: D:11 (give 5 potions of resistance)


Innate Abilities, Weirdness & Mutations

You have sharp fingernails.
You are mostly covered in large bone plates. (SH +6)
You sometimes gain power by taking damage.
You are partially covered in sharp spines.


Message History

The 13-headed hydra bites you.
* * * LOW HITPOINT WARNING * * *
The 13-headed hydra bites you but does no damage. x2
The 13-headed hydra barely misses you. x2
Unknown command.
You feel much better. The 13-headed hydra bites you.
You block the 13-headed hydra's attack. The 13-headed hydra bites you.
The 13-headed hydra bites you!
* * * LOW HITPOINT WARNING * * *
You block the 13-headed hydra's attack.
The 13-headed hydra completely misses you.
The 13-headed hydra bites you but does no damage.
The 13-headed hydra bites you!
* * * LOW HITPOINT WARNING * * *
The 13-headed hydra bites you!
* * * LOW HITPOINT WARNING * * *
The 13-headed hydra bites you but does no damage.
The 13-headed hydra barely misses you. You block the 13-headed hydra's attack.
The 13-headed hydra bites you.
You die...

..######...[......#
..# #..........#
..######..........#
..................#
..................#
..................#
#####...###.......#
# #...# #.......# #
#...# #....D@.# #
#...# #.......# #
#...###.......# #
#.............#
#####.............#
........####.<....#
........# #......#
........# #......#
........# #......#


You could see a 13-headed hydra.

Vanquished Creatures
  3 two-headed ogres
  The ghost of Totori the Grappler, a novice TrMo of Ru (D:8)
  3 unseen horrors
  An ugly thing (D:12)
  A deep elf mage (D:12)
  Joseph (D:7)
  2 kobold demonologists
  4 trolls
  A queen bee (D:10)
  4 hippogriffs
  Sigmund (D:4)
  A shadow (D:12)
  12 yaks
  A basilisk (D:12)
  A hungry ghost (D:12)
  A soldier ant (D:12)
  3 porcupines (D:9)
  A water moccasin (D:8)
  5 black bears
  3 orc warriors
  2 sky beasts
  3 ice beasts
  4 phantoms
  2 necrophages
  4 centaurs
  2 ogres
  2 crocodiles (D:9)
  8 big kobolds
  5 bullfrogs
  2 wyvern skeletons (D:12)
  3 scorpions
  4 wights (D:11)
  24 killer bees
  A howler monkey (D:6)
  10 crimson imps
  A bullfrog zombie (D:12)
  3 centaur zombies
  A bullfrog skeleton (D:6)
  5 hounds
  2 jellies
  5 orc priests
  3 centaur skeletons
  12 orc wizards
  4 iguanas
  11 worker ants
  2 hound zombies
  A worker ant zombie (D:8)
  Robin (D:4)
  3 gnolls (D:7)
  16 adders
  2 shadow imps (D:8)
  An ooze (D:7)
  3 worms
  A dart slug (D:3)
  8 leopard geckos
  30 orcs
  7 giant cockroaches
  12 goblins
  7 hobgoblins
  11 jackals
  50 kobolds
  3 quokkas
  A ball python (D:5)
  8 bats
  3 frilled lizards
  A jackal skeleton (D:8)
  2 leopard gecko skeletons
  A quokka skeleton (D:6)
  6 rats (D:1)
  14 fungi (D:9)
  13 plants (D:9)
380 creatures vanquished.

Vanquished Creatures (others)
  5 fungi (D:9)
5 creatures vanquished.

Grand Total: 385 creatures vanquished

Notes
Turn   | Place    | Note
-------+----------+-------------------------------------------
     0 | D:1      | Mirai the Demonspawn Fighter began the quest for the Orb.
     0 | D:1      | Reached XP level 1. HP: 18/18 MP: 1/1
   167 | D:1      | Gained mutation: You are partially covered in large bone plates. (SH +4) [demonic ancestry]
   167 | D:1      | Reached XP level 2. HP: 24/24 MP: 2/2
   846 | D:1      | Reached XP level 3. HP: 29/29 MP: 3/3
  1199 | D:2      | Reached XP level 4. HP: 14/35 MP: 4/4
  2150 | D:3      | Found a deep blue altar of Sif Muna.
  2403 | D:4      | Gained mutation: You sometimes gain a little power by taking damage. [demonic ancestry]
  2403 | D:4      | Reached XP level 5. HP: 37/42 MP: 5/5
  2416 | D:4      | Reached skill level 4 in Fighting
  2491 | D:4      | Noticed Sigmund
  2500 | D:4      | Killed Sigmund
  2500 | D:4      | Reached XP level 6. HP: 46/49 MP: 6/6
  2681 | D:4      | Gained mutation: You are mostly covered in large bone plates. (SH +6) [demonic ancestry]
  2681 | D:4      | Reached XP level 7. HP: 42/55 MP: 7/7
  2794 | D:4      | Noticed Robin
  2806 | D:4      | Killed Robin
  2995 | D:5      | Entered Level 5 of the Dungeon
  3138 | D:5      | Reached skill level 5 in Fighting
  3282 | D:5      | Found a staircase to the Ecumenical Temple.
  3301 | Temple   | Entered the Ecumenical Temple
  3550 | Temple   | Became a worshipper of Warmaster Okawaru
  3654 | D:5      | Found a blossoming altar of Fedhas.
  3963 | D:5      | Reached skill level 5 in Armour
  4098 | D:6      | Reached skill level 5 in Shields
  4098 | D:6      | Reached XP level 8. HP: 55/63 MP: 8/8
  4164 | D:6      | Found a glowing silver altar of Zin.
  4335 | D:6      | Got a twisted leather armour
  4346 | D:6      | Identified the +3 leather armour of Courage {rElec MR+} (You found it on level 6 of the Dungeon)
  4398 | D:6      | Reached * piety under Okawaru
  4498 | D:6      | Found Qoklopn's Antique Armour Shoppe.
  4510 | D:6      | Reached skill level 6 in Fighting
  4510 | D:6      | Reached skill level 5 in Axes
  4523 | D:6      | Bought a shiny helmet for 157 gold pieces
  5218 | D:7      | Found a shattered altar of Ashenzari.
  5264 | D:7      | Found a sacrificial altar of Ru.
  5581 | D:7      | Gained mutation: You sometimes gain power by taking damage. [demonic ancestry]
  5581 | D:7      | Reached XP level 9. HP: 67/71 MP: 9/9
  5817 | D:7      | Noticed Joseph
  5840 | D:7      | Killed Joseph
  5840 | D:7      | Reached ** piety under Okawaru
  5840 | D:7      | Reached skill level 7 in Fighting
  6034 | D:7      | Found Unuary's Jewellery Emporium.
  6385 | D:8      | Noticed a troll
  6492 | D:7      | Killed a troll
  6609 | D:8      | Found Syapp's Weapon Shop.
  6732 | D:8      | Reached *** piety under Okawaru
  6941 | D:8      | Noticed Totori's ghost (novice TrMo)
  6944 | D:8      | Found a deep blue altar of Sif Muna.
  6969 | D:8      | Gained mutation: You have sharp fingernails. [demonic ancestry]
  6969 | D:8      | Reached XP level 10. HP: 25/80 MP: 8/10
  6973 | D:8      | Killed Totori's ghost
  6973 | D:8      | Reached skill level 8 in Fighting
  7783 | D:9      | Found a staircase to the Lair.
  8039 | D:9      | Reached **** piety under Okawaru
  8109 | D:9      | Found a hazy altar of Hepliaklqana.
  8140 | D:9      | Found a burning altar of Makhleb.
  8177 | D:9      | Noticed a two-headed ogre
  8197 | D:9      | Killed a two-headed ogre
  8263 | D:9      | Reached skill level 9 in Fighting
  8310 | D:9      | Found a shimmering altar of Xom.
  8311 | D:9      | Found a shimmering altar of Xom.
  8313 | D:9      | Found a shimmering altar of Xom.
  8313 | D:9      | Found a shimmering altar of Xom.
  8315 | D:9      | Found a shimmering altar of Xom.
  8317 | D:9      | Found a shimmering altar of Xom.
  8319 | D:9      | Found a shimmering altar of Xom.
  8683 | D:10     | Entered Level 10 of the Dungeon
  8846 | D:10     | Noticed an unseen horror
  8873 | D:10     | Killed an unseen horror
  8873 | D:10     | Reached XP level 11. HP: 83/89 MP: 11/11
  8974 | D:10     | Reached ***** piety under Okawaru
  9383 | D:10     | Reached skill level 1 in Invocations
  9635 | D:10     | Noticed a two-headed ogre
  9794 | D:10     | Killed a two-headed ogre
  9809 | D:10     | Found a staircase to the Orcish Mines.
 10153 | D:11     | Found a shadowy altar of Dithmenos.
 10497 | D:11     | Found a portal to a secret trove of treasure.
 10686 | D:12     | Noticed a two-headed ogre
 10725 | D:12     | Killed a two-headed ogre
 10828 | D:12     | Found a sacrificial altar of Ru.
 10866 | D:12     | Received a gift from Okawaru
 10911 | D:12     | Reached skill level 10 in Fighting
 11018 | D:12     | Reached skill level 5 in Invocations
 11033 | D:12     | Noticed an unseen horror
 11037 | D:12     | Noticed a red ugly thing
 11047 | D:12     | Killed a red ugly thing
 11049 | D:12     | Killed an unseen horror
 11087 | D:12     | Gained mutation: You are partially covered in sharp spines. [demonic ancestry]
 11087 | D:12     | Reached XP level 12. HP: 63/97 MP: 11/16
 11182 | D:12     | Noticed a seven-headed hydra
 11270 | D:12     | Received a gift from Okawaru
 11691 | D:12     | HP: 1/98 [13-headed hydra (15)]
 11691 | D:12     | Slain by a 13-headed hydra

Skill      XL: |  1  2  3  4  5  6  7  8  9 10 11 12 |
---------------+-------------------------------------+-----
Axes           | 2 3 4 5 6 8 9 |  9.2
Armour         | 3 4 5 6 7 8 9 |  9.5
Shields        | 3 4 5 6 7 8 9 |  9.5
Fighting       | 4 5 6 7 9 10 | 10.3
Invocations    | 5 6 |  6.0

Action                   |  1- 3 |  4- 6 |  7- 9 | 10-12 || total
-------------------------+-------+-------+-------+-------++-------
Melee: War axe           |    39 |       |       |       ||    39
       Hand axe          |    64 |   139 |   575 |   856 ||  1634
       Broad axe         |       |       |       |    74 ||    74
Invok: Heroism           |       |       |     3 |    21 ||    24
       Finesse           |       |       |       |     2 ||     2
  Use: Potion            |       |     1 |     5 |     1 ||     7
       Scroll            |       |       |       |     1 ||     1
  Eat: Chunk             |     1 |     5 |    13 |    15 ||    34
       Ration            |       |       |     1 |       ||     1
Armor: Scale mail        |    27 |    46 |       |       ||    73
       Plate armour      |       |       |   116 |       ||   116
       Leather armour    |       |       |   139 |   167 ||   306
Dodge: Dodged            |    21 |    24 |   158 |   189 ||   392
Block: Shield            |    77 |   104 |   522 |   647 ||  1350
